 Dungeon Crawl Stone Soup version 0.21-a0-278-ga722497 (webtiles) character file.

73 vishdafish the Skirmisher (level 4, -4/35 HPs)
             Began as a Demonspawn Fighter on Sept 22, 2017.
             Slain by a centaur (8 damage)
             ... on level 4 of the Dungeon.
             The game lasted 00:02:01 (1796 turns).

vishdafish the Skirmisher (Demonspawn Fighter)      Turns: 1796, Time: 00:02:04

Health: -4/35      AC:  8    Str: 22    XL:     4   Next: 8%
Magic:  13/13      EV:  7    Int:  9    God:
Gold:   44         SH:  9    Dex: 13    Spells: 3/3 levels left

rFire    . . .     SeeInvis .   a - +0 long sword
rCold    . . .     Gourm    .   c - +0 shield
rNeg     . . .     Faith    .   b - +0 scale mail
rPois    .         Spirit   .   (no helmet)
rElec    .         Reflect  .   (no cloak)
rCorr    .         Harm     .   (no gloves)
MR       .....                  (no boots)
Stlth    ..........             (no amulet)
HPRegen  0.11/turn              l - ring of magical power
MPRegen  0.13/turn              (no ring)

@: mighty
A: talons 1, yellow scales 1
a: no special abilities


You were on level 4 of the Dungeon.
You were very hungry.

You visited 1 branch of the dungeon, and saw 4 of its levels.

You collected 44 gold pieces.

Inventory:

Hand Weapons
 a - a +0 long sword (weapon)
Armour
 b - a +0 scale mail (worn)
 c - a +0 shield (worn)
 e - a +0 large shield
Jewellery
 l - a ring of magical power (left hand)
Scrolls
 h - 3 scrolls of identify {unknown}
 n - a scroll of enchant weapon {unknown}
Potions
 d - a potion of might
 i - a potion of resistance {unknown}
 j - a potion of curing {unknown}
 k - 2 potions of heal wounds {unknown}
 m - a potion of flight {unknown}
Comestibles
 f - 2 bread rations
 g - 2 royal jellies


   Skills:
 + Level 3.4 Fighting
 * Level 2.4 Long Blades
 + Level 3.4 Armour
 - Level 0.5 Dodging
 + Level 3.0 Shields


You had 3 spell levels left.
You didn't know any spells.

Dungeon Overview and Level Annotations

Branches:
Dungeon (4/15)
 Temple: D:4-7

Altars:


Innate Abilities, Weirdness & Mutations

You have sharp toenails.
You are partially covered in yellow scales. (AC +2)


Message History

The leopard gecko skeleton bites you but does no damage.
The rat bites you.
You slash the centaur!
The centaur is moderately wounded.
The centaur hits you. x2
The leopard gecko skeleton bites you but does no damage.
The rat bites you.
* * * LOW HITPOINT WARNING * * *
You feel very mighty all of a sudden. The centaur hits you.
* * * LOW HITPOINT WARNING * * *
You block the leopard gecko skeleton's attack.
The rat bites you but does no damage. You block the centaur's attack.
You closely miss the centaur. You claw the centaur!
The centaur is severely wounded.
You are feeling very hungry.
The centaur hits you but does no damage.
The leopard gecko skeleton bites you but does no damage.
You block the rat's attack. The centaur hits you!
You die...

.# .# #.# #
#.. ### #.
..#....
##.##....###
##...cZ.....#
#....@...#
#...##r#.#
#.[.. .# ....
.. #.. ... ##
##.# .# .#


You could see a centaur, a rat and a leopard gecko skeleton.

Vanquished Creatures
  3 adders (D:2)
  2 worms (D:2)
  3 dart slugs
  A giant cockroach (D:3)
  4 goblins
  2 hobgoblins (D:2)
  3 jackals (D:1)
  A quokka (D:2)
  4 bats (D:2)
  4 frilled lizards
  3 kobolds (D:2)
  7 rats
37 creatures vanquished.

Notes
Turn   | Place    | Note
-------+----------+-------------------------------------------
     0 | D:1      | vishdafish the Demonspawn Fighter began the quest for the Orb.
     0 | D:1      | Reached XP level 1. HP: 18/18 MP: 1/1
   673 | D:1      | Gained mutation: You are partially covered in yellow scales. (AC +2) [demonic ancestry]
   673 | D:1      | Reached XP level 2. HP: 4/24 MP: 2/2
  1135 | D:2      | Gained mutation: You have sharp toenails. [demonic ancestry]
  1135 | D:2      | Reached XP level 3. HP: 26/29 MP: 3/3
  1746 | D:2      | Reached XP level 4. HP: 31/35 MP: 4/4
  1786 | D:3      | Noticed a centaur
  1796 | D:4      | Slain by a centaur

Vault maps used:
D:1:      minmay_arrival_solitary_statue
D:3:      old_standard_altar, uniq_crazy_yiuf_cottage, uniq_natasha
D:4:      first_bread, portal_sewer_entry_e, minmay_misc_feat_hallway

Skill      XL: |  1  2  3 |
---------------+----------+-----
Long Blades    | 2 |  2.4
Armour         | 3 |  3.4
Shields        | 3 |  3.0
Fighting       | |  3.4
Dodging        | |  0.5

Action                   |  1- 3 |  4- 6 || total
-------------------------+-------+-------++-------
Melee: Long sword        |   114 |     5 ||   119
       Kick              |    22 |     2 ||    24
  Use: Potion            |       |     1 ||     1
  Eat: Chunk             |     2 |       ||     2
Armor: Scale mail        |    49 |     8 ||    57
Dodge: Dodged            |    27 |       ||    27
Block: Shield            |    57 |     6 ||    63
       Rpst.: Long sword |    16 |       ||    16

Table legend:
 A = Spawn XP
 B = Non-spawn XP
 C = Spawn XP percentage of total XP
 D = Spawn monster count
 E = Non-spawn monster count
 F = Spawn count percentage of total count
 G = Total turns spent on level
                    A         B        C        D         E        F      G
               +---------+---------+-------+---------+---------+-------+---------
         Total |       0 |     105 |   0.0 |       0 |      37 |   0.0 |  1796
               +---------+---------+-------+---------+---------+-------+---------
           D:1 |       0 |      22 |   0.0 |       0 |      12 |   0.0 |  1080
           D:2 |       0 |      81 |   0.0 |       0 |      24 |   0.0 |   681
           D:3 |       0 |       2 |   0.0 |       0 |       1 |   0.0 |    31
               +---------+---------+-------+---------+---------+-------+---------
